 Dungeon Crawl Stone Soup version 0.22-a0-447-gee5f7238b3 (webtiles) character file.

533 Ordine the Ruffian (level 7, 47/52 HPs)
             Began as a Black Draconian Transmuter on June 3, 2018.
             Quit the game on level 4 of the Dungeon.
             The game lasted 00:10:48 (3373 turns).

Ordine the Ruffian (Black Draconian Transmuter)     Turns: 3373, Time: 00:10:49

Health: 47/52      AC:  7    Str: 13    XL:     7   Next: 4%
Magic:  10/10      EV: 12    Int: 15    God:
Gold:   132        SH:  0    Dex: 11    Spells: 3/10 levels left

rFire    . . .     SeeInvis .     - Unarmed
rCold    . . .     Gourm    .   (no shield)
rNeg     . . .     Faith    .   (armour unavailable)
rPois    .         Spirit   .   (helmet restricted)
rElec    +         Reflect  .   (no cloak)
rCorr    .         Harm     .   e - +0 pair of gloves
MR       .....                  (no boots)
Stlth    +.........             (no amulet)
HPRegen  0.17/turn              h - ring of flight
MPRegen  0.12/turn              (no ring)

@: no status effects
A: breathe lightning, unfitting armour, electricity resistance, cold-blooded, AC
+6
a: Breathe Lightning, Evoke Flight


You were on level 4 of the Dungeon.
You were not hungry.

You visited 1 branch of the dungeon, and saw 4 of its levels.

You collected 132 gold pieces.

Inventory:

Missiles
 a - 12 arrows
Armour
 e - a +0 pair of gloves (worn)
Jewellery
 b - a +3 ring of protection {unknown}
 h - a ring of flight (left hand)
Scrolls
 d - 7 scrolls of teleportation
 n - a scroll of identify
Potions
 f - 5 potions of curing {unknown}
 g - 2 potions of lignification
 i - a potion of flight {unknown}
 j - a potion of ambrosia
 l - a potion of magic {unknown}
 m - a potion of berserk rage {unknown}
Comestibles
 c - 6 rations
 k - 5 chunks of flesh


   Skills:
 - Level 1.1 Fighting
 - Level 1.7 Dodging
 - Level 6.0 Unarmed Combat
 + Level 2.3 Spellcasting
 * Level 4.6 Transmutations
 + Level 2.4 Ice Magic


You had 3 spell levels left.
You knew the following spells:

 Your Spells              Type           Power        Failure   Level  Hunger
a - Spider Form           Tmut/Pois      #.........   24%         3    ###....
b - Ice Form              Ice/Tmut       ##......     45%         4    #####..

Your spell library contained the following spells:

 Spells                   Type           Power        Failure   Level  Hunger
 Blade Hands              Tmut           ###.......   65%         5    ######.
 Sticks to Snakes         Tmut           ###.....     4%          2    ###....
 Beastly Appendage        Tmut           ###...       3%          1    #......


Dungeon Overview and Level Annotations

Branches:
Dungeon (4/15)
 Temple: D:4-7

Altars:
Ashenzari
Dithmenos
Elyvilon
Makhleb
Nemelex Xobeh
Okawaru
Qazlal
Wu Jian
Xom
Yredelemnul
Zin


Innate Abilities, Weirdness & Mutations

You can breathe wild blasts of lightning.
Your glossy black scales are hard. (AC +6)
You cannot fit into any form of body armour.
You are resistant to electric shocks. (rElec)
You are cold-blooded and may be slowed by cold attacks.


Message History

The iguana bites you.
You hit the iguana but do no damage.
The iguana is almost dead.
You kill the iguana!
You have reached level 7!
Your scales start taking on a glossy black colour.
You learn Air Magic much quicker.
You learn Earth Magic much slower.
You can breathe wild blasts of lightning.
You feel insulated.
You see here an iguana corpse.
You butcher the iguana corpse.
k - 11 chunks of flesh (gained 3)
You start resting.
Your magical contamination has completely faded away.
You start resting.
Some of the chunks of flesh in your inventory have rotted away.
Magic restored.
Are you sure you want to abandon this character and quit the game? (Confirm with "yes".)
Okay, then.
Are you sure you want to abandon this character and quit the game? (Confirm with "yes".)

#.# #.....# #...............
#.#### #.....# #.....###....#..
#.#..### #..)..# #.....# #....#..
#.#....# #....####.....# #.....<.
#.#....###......##.....#########.
#........'......##.....#....)....
#.##...###......##.....#.########
#..+...# ####'##########. #..
####...# #...@........ #.. #####
############# #.. #.. #.. #..
#... #... ?..# .


There were no monsters in sight!

Vanquished Creatures
  Sigmund (D:2)
  3 orc priests
  An iguana (D:4)
  3 orc wizards (D:4)
  2 worker ants (D:4)
  3 adders
  An ooze (D:1)
  3 worms (D:3)
  A dart slug (D:3)
  2 leopard geckos
  10 orcs
  A ball python (D:3)
  10 bats
  6 giant cockroaches
  11 goblins
  5 hobgoblins
  9 jackals
  2 quokkas
  7 frilled lizards
  A jackal skeleton (D:4)
  6 kobolds
  13 rats
101 creatures vanquished.

Notes
Turn   | Place    | Note
-------+----------+-------------------------------------------
     0 | D:1      | Ordine the Draconian Transmuter began the quest for the Orb.
     0 | D:1      | Reached XP level 1. HP: 16/16 MP: 3/3
   129 | D:1      | Reached XP level 2. HP: 22/23 MP: 5/5
   855 | D:2      | Reached XP level 3. HP: 25/28 MP: 6/6
   876 | D:2      | Learned a level 3 spell: Spider Form
   986 | D:2      | Reached skill level 4 in Unarmed Combat
  1022 | D:2      | Found a basalt altar of Yredelemnul.
  1023 | D:2      | Found a shimmering altar of Xom.
  1055 | D:2      | Found a white marble altar of Elyvilon.
  1195 | D:2      | Noticed Sigmund
  1235 | D:2      | Killed Sigmund
  1235 | D:2      | Reached skill level 5 in Unarmed Combat
  1235 | D:2      | Reached XP level 4. HP: 32/35 MP: 2/7
  1235 | D:2      | Reached XP level 5. HP: 37/40 MP: 2/8
  1261 | D:2      | Learned a level 4 spell: Ice Form
  2020 | D:3      | Reached skill level 1 in Ice Magic
  2147 | D:3      | Reached XP level 6. HP: 47/47 MP: 9/9
  2191 | D:3      | Found an ornate altar of the Wu Jian Council.
  2193 | D:3      | Found an iron altar of Okawaru.
  2193 | D:3      | Found a glowing silver altar of Zin.
  2193 | D:3      | Found a shattered altar of Ashenzari.
  2194 | D:3      | Found a sparkling altar of Nemelex Xobeh.
  2194 | D:3      | Found a stormy altar of Qazlal.
  2194 | D:3      | Found a burning altar of Makhleb.
  2194 | D:3      | Found a shadowy altar of Dithmenos.
  2858 | D:4      | Reached skill level 6 in Unarmed Combat
  3330 | D:4      | Your scales start taking on a glossy black colour.
  3330 | D:4      | Reached XP level 7. HP: 39/52 MP: 4/10
  3330 | D:4      | Gained mutation: You are resistant to electric shocks. (rElec) [Black Draconian growth]
  3373 | D:4      | Quit the game

Vault maps used:
D:1:      saegor_arrival_under_anarchy
D:2:      marbit_many_paths, gammafunk_temple_overflow_pools, uniq_sigmund
D:3:      grunt_temple_overflow_open, first_ration
D:4:      uniq_menkaure

Skill      XL: |  1  2  3  4  5  6 |
---------------+-------------------+-----
Unarmed Combat | 5 6 |  6.0
Transmutations | 3 4 |  4.6
Ice Magic      | 1 2 |  2.4
Fighting       | |  1.1
Dodging        | |  1.7
Spellcasting   | |  2.3

Action                   |  1- 3 |  4- 6 |  7- 9 || total
-------------------------+-------+-------+-------++-------
Melee: Unarmed           |   123 |   204 |       ||   327
       Tailslap          |     8 |     9 |       ||    17
       Kick              |     1 |       |       ||     1
       Punch             |       |     1 |       ||     1
 Cast: Beastly Appendage |     4 |       |       ||     4
       Spider Form       |     3 |     7 |       ||    10
  Use: Scroll            |     7 |     1 |       ||     8
       Potion            |       |     1 |       ||     1
  Eat: Chunk             |     1 |     9 |       ||    10
Armor: Skin              |    39 |    68 |       ||   107
Dodge: Dodged            |    97 |   164 |       ||   261

Table legend:
 A = Spawn XP
 B = Non-spawn XP
 C = Spawn XP percentage of total XP
 D = Spawn monster count
 E = Non-spawn monster count
 F = Spawn count percentage of total count
 G = Total turns spent on level
                    A         B        C        D         E        F      G
               +---------+---------+-------+---------+---------+-------+---------
         Total |       0 |     762 |   0.0 |       0 |     101 |   0.0 |  3373
               +---------+---------+-------+---------+---------+-------+---------
           D:1 |       0 |      40 |   0.0 |       0 |      21 |   0.0 |   820
           D:2 |       0 |     259 |   0.0 |       0 |      24 |   0.0 |  1066
           D:3 |       0 |     131 |   0.0 |       0 |      39 |   0.0 |   627
           D:4 |       0 |     332 |   0.0 |       0 |      17 |   0.0 |   860
               +---------+---------+-------+---------+---------+-------+---------
